 Dungeon Crawl Stone Soup version 0.22.1-2-g9c5b331383 (webtiles) character file.

1036 Pytinka the Cleaver (level 8, -3/68 HPs)
             Began as a Minotaur Fighter on Dec 25, 2018.
             Was an Initiate of Okawaru.
             Killed from afar by Sigmund (9 damage)
             ... with a magic dart
             ... on level 4 of the Dungeon.
             The game lasted 00:06:43 (4206 turns).

Pytinka the Cleaver (Minotaur Fighter)              Turns: 4206, Time: 00:06:44

Health: -3/68      AC:  8    Str: 23    XL:     8   Next: 4%
Magic:  7/7        EV:  8    Int:  5    God:    Okawaru [......]
Gold:   174        SH: 10    Dex: 10    Spells: 7/7 levels left

rFire    + . .     SeeInvis .   a - +0 war axe
rCold    + . .     Gourm    .   c - +0 shield
rNeg     . . .     Faith    .   b - +0 scale mail
rPois    .         Spirit   .   (helmet restricted)
rElec    .         Reflect  .   o - scarf {rC+ rF+}
rCorr    .         Harm     .   e - +0 pair of gloves
MR       .....                  (no boots)
Stlth    ..........             (no amulet)
HPRegen  0.21/turn              (no ring)
MPRegen  0.10/turn              (no ring)

@: no status effects
A: retaliatory headbutt, horns 2
a: Renounce Religion


You were on level 4 of the Dungeon.
You worshipped Okawaru.
Okawaru was noncommittal.
You were hungry.

You visited 2 branches of the dungeon, and saw 6 of its levels.

You collected 174 gold pieces.

Inventory:

Hand Weapons
 a - a +0 war axe (weapon)
Armour
 b - a +0 scale mail (worn)
 c - a +0 shield (worn)
 e - a +0 pair of gloves (worn)
 o - a scarf of resistance (worn)
 r - a +1 cloak
Wands
 s - a wand of flame (32)
Scrolls
 g - a scroll of teleportation {unknown}
 h - 7 scrolls of identify {unknown}
 l - 4 scrolls of remove curse {unknown}
 m - a scroll of enchant armour {unknown}
 n - a scroll of fear {unknown}
 q - a scroll of fog {unknown}
 t - a scroll of magic mapping {unknown}
Potions
 d - a potion of might
 i - 3 potions of curing {unknown}
 j - a potion of flight {unknown}
 k - a potion of experience {unknown}
 p - a potion of brilliance {unknown}
 u - a potion of mutation {unknown}
 v - a potion of berserk rage {unknown}
Comestibles
 f - 7 rations


   Skills:
 + Level 5.0 Fighting
 * Level 9.0 Axes
 + Level 5.4 Armour
 + Level 1.5 Dodging
 + Level 1.1 Stealth
 + Level 5.0 Shields


You had 7 spell levels left.
You didn't know any spells.
Your spell library was empty.

Dungeon Overview and Level Annotations

Branches:
Dungeon (5/15)             Temple (1/1) D:4

Altars:
Cheibriados
Dithmenos
Elyvilon
Fedhas
Gozag
Hepliaklqana
Kikubaaqudgha
Nemelex Xobeh
Okawaru
Qazlal
Ru
Sif Muna
Trog
Uskayaw
Wu Jian
Xom
The Shining One

Annotations:
D:5 Sigmund


Innate Abilities, Weirdness & Mutations

You reflexively headbutt those who attack you in melee.
You have a pair of horns on your head.


Message History

Okawaru accepts your kill.
You hear some strange, mumbled words.
A puff of flame appears from out of thin air!
The puff of flame misses you.
Things that are here:
a hand axe; a ring mail; an orc corpse Something hits you!
* * * LOW HITPOINT WARNING * * *
There is a stone staircase leading up here.
You hear some strange, mumbled words.
A puff of flame appears from out of thin air!
You block the puff of flame.
You climb upwards.
There is a stone staircase leading down here.
You block something's attack.
You start resting.
Something hits you.
* * * LOW HITPOINT WARNING * * *
A magic dart appears from out of thin air!
The magic dart hits you!
You die...

##.....8......# ##.#...
#....####.....# #...##
#....# #.....## ###.#
#>#######......## #.# #.#
#.........# #.# #.#
#.........####.#
#####.#####..###.........#
#...........## ##..#######
## ###'###.....@.# #..#
.####...^.#....##.## ##.##
.##.#.⌠.⌠.#....##..###.##
.##.'..>..'.>.###.#...##
## .##.#.⌠.⌠.#[..###.###.#
#.
....#.....#.......###.##
#.
.######'###...######...#
#. .# #.# #...# #...# #.
## ####.####..## #...#
####.


There were no monsters in sight!

Vanquished Creatures
  Pikel (D:4)
  A slave (D:4)
  An orc warrior (D:4)
  An ogre (D:4)
  Crazy Yiuf (D:3)
  An orc priest (D:3)
  2 iguanas
  A centaur skeleton (D:4)
  An orc wizard (D:4)
  A worker ant (D:4)
  Natasha (thrice) (D:2)
  4 gnolls (D:2)
  4 adders
  A worm (D:4)
  A dart slug (D:1)
  12 orcs
  7 bats
  5 giant cockroaches
  8 goblins
  4 hobgoblins
  7 jackals (D:4)
  3 frilled lizards
  8 kobolds
  9 rats
87 creatures vanquished.

Vanquished Creatures (others)
  A hobgoblin (D:4)
1 creature vanquished.

Grand Total: 88 creatures vanquished

Notes
Turn   | Place    | Note
-------+----------+-------------------------------------------
     0 | D:1      | Pytinka the Minotaur Fighter began the quest for the Orb.
     0 | D:1      | Reached XP level 1. HP: 19/19 MP: 0/0
    91 | D:1      | Reached XP level 2. HP: 26/27 MP: 1/1
   671 | D:2      | Reached skill level 3 in Axes
   671 | D:2      | Reached XP level 3. HP: 33/33 MP: 2/2
   881 | D:2      | Reached XP level 4. HP: 9/40 MP: 3/3
  1231 | D:2      | Noticed Natasha
  1242 | D:2      | Killed Natasha
  1242 | D:2      | Reached skill level 4 in Axes
  1484 | D:2      | Noticed Natasha
  1495 | D:2      | Killed Natasha
  1495 | D:2      | Reached XP level 5. HP: 23/46 MP: 4/4
  1798 | D:2      | Found a snail-covered altar of Cheibriados.
  1921 | D:2      | Noticed Natasha
  1925 | D:2      | Killed Natasha
  2048 | D:3      | Reached skill level 5 in Axes
  2345 | D:3      | Found a runed door.
  2623 | D:3      | Found a blossoming altar of Fedhas.
  2866 | D:3      | Noticed Crazy Yiuf
  2876 | D:3      | Killed Crazy Yiuf
  2974 | D:4      | Reached XP level 6. HP: 53/53 MP: 5/5
  2983 | D:4      | Found an ornate altar of the Wu Jian Council.
  2989 | D:4      | Noticed a slave
  2993 | D:4      | Noticed Pikel
  2994 | D:4      | Noticed a slave
  2995 | D:4      | Killed a slave
  2997 | D:4      | Noticed a slave
  2998 | D:4      | Noticed a slave
  3008 | D:4      | Killed Pikel
  3008 | D:4      | Reached skill level 7 in Axes
  3008 | D:4      | Reached skill level 5 in Armour
  3008 | D:4      | Reached skill level 1 in Dodging
  3008 | D:4      | Reached skill level 1 in Stealth
  3008 | D:4      | Reached XP level 7. HP: 37/60 MP: 6/6
  3093 | D:4      | HP: 1/60 [ogre/giant club (24)]
  3094 | D:4      | Reached skill level 8 in Axes
  3289 | D:4      | Found a sacrificial altar of Ru.
  3328 | D:4      | Found a bloodstained altar of Trog.
  3426 | D:4      | Found an opulent altar of Gozag.
  3426 | D:4      | Found a shimmering altar of Xom.
  3427 | D:4      | Found a bloodstained altar of Trog.
  3511 | D:4      | Found a staircase to the Ecumenical Temple.
  3572 | D:4      | Reached skill level 5 in Fighting
  3572 | D:4      | Reached skill level 5 in Shields
  3669 | D:4      | Reached XP level 8. HP: 60/68 MP: 7/7
  4129 | D:5      | Entered Level 5 of the Dungeon
  4133 | D:5      | Noticed Sigmund
  4145 | Temple   | Entered the Ecumenical Temple
  4152 | Temple   | Became a worshipper of Warmaster Okawaru
  4191 | D:5      | Reached skill level 9 in Axes
  4206 | D:4      | Killed from afar by Sigmund

Skill      XL: |  1  2  3  4  5  6  7  8 |
---------------+-------------------------+-----
Shields        | 4 5 |  5.0
Fighting       | 4 5 |  5.0
Armour         | 4 5 |  5.4
Axes           | 3 4 5 7 8 9 |  9.0
Dodging        | 1 |  1.5
Stealth        | 1 |  1.1

Action                   |  1- 3 |  4- 6 |  7- 9 || total
-------------------------+-------+-------+-------++-------
Melee: War axe           |    76 |    98 |    77 ||   251
       Headbutt          |     7 |    15 |    12 ||    34
Evoke: Wand              |       |       |     3 ||     3
 Stab: Paralysed         |       |       |     1 ||     1
  Eat: Chunk             |       |     7 |     3 ||    10
Armor: Scale mail        |    34 |    35 |    25 ||    94
Dodge: Dodged            |    22 |    19 |    20 ||    61
Block: Shield            |    42 |    39 |    39 ||   120
